 Dungeon Crawl Stone Soup version 0.16.1-30-g34a7ffa (webtiles) character file.

19016 Yawgmoth the Geomancer (level 12, -3/77 HPs)
             Began as a Gargoyle Earth Elementalist on June 12, 2015.
             Was the Champion of Vehumet.
             Slain by a six-headed hydra (6 damage)
             ... on level 1 of the Lair of Beasts on June 13, 2015.
             The game lasted 03:18:24 (18418 turns).

Yawgmoth the Geomancer (GrEE)                      Turns: 18418, Time: 03:18:27

Health: -3/77      AC: 26    Str: 12    XL:     12   Next: 64%
Magic:  4/29       EV: 16    Int: 21    God:    Vehumet [******]
Gold:   913        SH:  0    Dex: 10    Spells: 5 memorised, 9 levels left

rFire  . . .     SeeInvis .     x - staff of earth {Crusher}
rCold  . . .     Clarity  .     T - +2 leather armour {MR+} (curse)
rNeg   + . .     SustAb   .     (no shield)
rPois  ∞         Gourm    .     q - +0 helmet
rElec  +         Spirit   .     W - +0 cloak
rCorr  .         Warding  .     e - +2 pair of gloves
rMut   .         Stasis   .     p - +2 pair of boots
MR     +....                    G - amulet of rage
Stlth  ++........               y - +5 ring of evasion
                                D - ring of flight

@: stone skin, somewhat resistant to hostile enchantments, unstealthy
A: negative energy resistance 1, screaming 1, electricity resistance,
unbreathing, petrification resistance, rot immunity, AC +8
a: Renounce Religion, Evoke Berserk Rage, Evoke Flight


You were on level 1 of the Lair of Beasts.
You worshipped Vehumet.
Vehumet was exalted by your worship.
You were very hungry.

You visited 3 branches of the dungeon, and saw 15 of its levels.
You also visited: Ossuary.

You collected 1907 gold pieces.
You spent 994 gold pieces at shops.

Inventory:

Hand weapons
 S - a +5 antimagic quarterstaff {SILENCE}
Missiles
 b - 102 stones (quivered)
Armour
 e - a +2 pair of gloves (worn)
 p - a +2 pair of boots (worn)
 q - a +0 helmet (worn)
 u - a +0 troll leather armour
 K - a +1 robe of fire resistance
 N - a +2 robe of positive energy
 O - the -5 chain mail "Muarph" {+Inv rF+ rC+ Str-5 Slay+2}
   (You bought it in a shop on level 5 of the Dungeon)

   It affects your strength (-5).
   It affects your accuracy and damage with ranged weapons and melee attacks
   (+2).
   It protects you from fire.
   It protects you from cold.
   It lets you turn invisible.
 Q - a +0 ice dragon armour
 T - a cursed +2 leather armour of magic resistance (worn)
 U - a +2 robe of fire resistance
 W - a +0 cloak (worn)
Magical staves
 x - an uncursed staff of earth (weapon) {Crusher}
Jewellery
 k - an uncursed ring of ice
 y - a +5 ring of evasion (right hand)
 D - a ring of flight (left hand)
 G - an amulet of rage (around neck)
 L - an uncursed ring of ice
Magical devices
 X - a wand of heal wounds (1)
Scrolls
 i - 7 scrolls of identify
 l - 3 scrolls of remove curse
 r - 2 scrolls of teleportation
 s - a scroll of fog
 v - a scroll of enchant armour
 E - 3 scrolls of magic mapping
 R - 2 scrolls of amnesia
 Y - a scroll of immolation {unknown}
Potions
 h - a potion of ambrosia {unknown}
 j - a potion of heal wounds
 m - a potion of might {unknown}
 n - 3 potions of brilliance
 o - 4 potions of cancellation
 w - 4 potions of curing
 z - a potion of flight {unknown}
 A - a potion of restore abilities {unknown}
 B - 3 potions of magic
 C - a potion of invisibility
 F - a potion of cure mutation {unknown}
 J - a potion of berserk rage {unknown}
 V - 2 potions of lignification {unknown}
 Z - 2 potions of agility {unknown}
Books
 c - a book of the Tempests

   Spells                             Type                      Level
   a - Static Discharge               Conjuration/Air              3
   b - Lightning Bolt                 Conjuration/Air              5
   c - Fireball                       Conjuration/Fire             5
   d - Tornado                        Air                          9
   e - Shatter                        Earth                        9
 d - a book of Geomancy

   Spells                             Type                      Level
   a - Sandblast                      Earth                        1
   b - Stoneskin                      Transmutation/Earth          2
   c - Passwall                       Transmutation/Earth          3
   d - Stone Arrow                    Conjuration/Earth            3
   e - Petrify                        Transmutation/Earth          4
   f - Lee's Rapid Deconstruction     Earth                        5
 t - a book of Party Tricks

   Spells                             Type                      Level
   a - Summon Butterflies             Summoning                    1
   b - Apportation                    Translocation                1
   c - Tukima's Dance                 Hexes                        3
   d - Alistair's Intoxication        Transmutation/Poison         4
   e - Invisibility                   Hexes                        6
Miscellaneous
 P - a plain deck of wonders {drawn: 1}
Comestibles
 a - 2 bread rations
 f - 2 beef jerkies
 g - 15 chunks of flesh
 H - 3 fruits
 I - 2 royal jellies
 M - 2 meat rations


   Skills:
 + Level 9.8 Fighting
   Level 1.3(5.3) Maces & Flails
 + Level 8.3(8.4) Staves
 - Level 1.5 Dodging
 - Level 3.6 Stealth
 + Level 9.1 Spellcasting
 - Level 2.4 Conjurations
 - Level 0.7 Transmutations
 + Level 12.0 Earth Magic
 + Level 8.5 Evocations


You had 9 spell levels left.
You knew the following spells:

 Your Spells              Type           Power        Failure   Level  Hunger
a - Sandblast             Erth           ######       1%          1    None
b - Stone Arrow           Conj/Erth      ######       1%          3    None
c - Stoneskin             Trmt/Erth      ######..     1%          2    None
d - Lee's Rapid Deconstr  Erth           ######....   1%          5    #####..
e - Shatter               Erth           ######....   100%        9    #######


Dungeon Overview and Level Annotations

Branches:
Dungeon (10/15)            Temple (0/1) D:7            Lair (1/8) D:10
    Orc (4/4) D:10            Elf (0/3) Orc:4

Altars:
Cheibriados
Gozag
Makhleb
Nemelex Xobeh
Okawaru
Ru
Sif Muna
Trog
Vehumet
Zin
Beogh

Shops:
D:5 *   D:6 *   D:7 %   Orc:1 (   Orc:4 [(%*


Innate Abilities, Weirdness & Mutations

You are resistant to torment.
You are immune to poison.
Your stone body is very resilient (AC +8).
You resist negative energy.
You are resistant to electric shocks.
You can survive without breathing.
You are immune to petrification.
You are immune to rotting.
You occasionally shout uncontrollably at your foes.


Message History

The six-headed hydra misses you.
The six-headed hydra bites you but does no damage.
The six-headed hydra bites you!
* * * LOW HITPOINT WARNING * * *
The six-headed hydra bites you but does no damage.
The six-headed hydra bites you!
* * * LOW HITPOINT WARNING * * *
You hear a distant blaring wail to the east.
Casting: Lee's Rapid Deconstruction
Confirm with . or Enter, or press ? or * to list all spells.
Aiming: Stone Arrow
Press: ? - help, Shift-Dir - straight line, f - six-headed hydra
Aim: a six-headed hydra (heavily wounded)
You feel a surge of power!
The stone arrow hits the six-headed hydra.
The six-headed hydra is severely wounded.
The six-headed hydra bites you.
* * * LOW HITPOINT WARNING * * *
The six-headed hydra bites you.
You die...

#####.#### ##....#
....÷÷...###.....## ..
.........#........## #...
.<.................##..... .#
.......................... ..#
.........>...............D#####.#
.............†...................
)................................
................@...##....#......
#.#####..(.....##D.###....##†.#.#
### #.........##.# #.....†††..#
##........##.###§§..#......
#............§§§§..##.....
#............§§§§.##....†#
#............§§§§§.††.....
#.............§§§..†......
##.......###.§#######.(..#


You could see a six-headed hydra.

Vanquished Creatures
  A hydra (Lair:1)
  Fannar (Orc:1)
  An orc knight (D:10)
  A wolf spider (Lair:1)
  8 orc sorcerers
  Maurice (D:9)
  Joseph (D:7)
  A black mamba (Lair:1)
  Psyche (Orc:3)
  A komodo dragon (D:10)
  3 trolls
  2 two-headed ogres
  A hungry ghost (D:7)
  Eustachio (D:4)
  A wyvern (D:9)
  A hippogriff (D:10)
  6 wargs
  A water moccasin (Lair:1)
  11 orc warriors
  A wasp (Lair:1)
  5 centaurs
  A black bear (D:10)
  3 ice beasts
  4 phantoms
  4 sky beasts
  3 crocodiles
  An orc skeleton (Orc:4)
  Duvessa (D:9)
  12 ogres
  4 giant frogs
  2 water moccasin zombies (Ossuary)
  2 gnoll sergeants
  16 killer bees
  4 scorpions
  9 wights
  The ghost of heinrich the Grave Robber, a weakling DsNe (D:3)
  Dowan (D:9)
  2 centaur zombies
  4 crimson imps
  2 quasits
  6 hounds
  2 goliath beetles (D:7)
  3 jellies
  3 giant frog zombies
  3 centaur skeletons
  14 orc priests
  Natasha (twice) (D:3)
  An iguana (Lair:1)
  46 orc wizards
  7 worker ants
  2 big kobold zombies (Ossuary)
  Ijyb (D:7)
  4 mummies
  A hound skeleton (D:5)
  14 gnolls
  10 river rats (Lair:1)
  4 giant mites
  14 adders
  A shadow imp (D:6)
  2 worms
  6 adder zombies
  4 giant geckos
  An ooze (D:3)
  190 orcs
  14 bats
  A bat zombie (D:5)
  6 gnoll zombies (Ossuary)
  23 goblins
  22 hobgoblins
  2 ball pythons (D:2)
  11 giant cockroaches
  5 giant newts
  2 goblin zombies (D:4)
  8 hobgoblin zombies (Ossuary)
  9 jackals
  7 kobolds
  3 kobold zombies (Ossuary)
  10 orc zombies
  4 quokkas
  A quokka skeleton (D:4)
  15 rats
  4 ballistomycetes
  A fungus (Lair:1)
  2 plants (D:10)
617 creatures vanquished.

Vanquished Creatures (others)
  2 orcs
  3 giant spores
  A plant (D:10)
6 creatures vanquished.

Grand Total: 623 creatures vanquished

Notes
Turn   | Place    | Note
--------------------------------------------------------------
     0 | D:1      | Yawgmoth, the Gargoyle Earth Elementalist, began the quest for the Orb.
     0 | D:1      | Reached XP level 1. HP: 10/10 MP: 3/3
    17 | D:1      | Noticed a worker ant
    17 | D:1      | Noticed a polar bear
    17 | D:1      | Noticed a hog
    18 | D:1      | Noticed a lindwurm
    18 | D:1      | Noticed an eight-headed hydra
   299 | D:1      | Reached XP level 2. HP: 15/15 MP: 1/5
   314 | D:1      | Reached skill level 4 in Earth Magic
   398 | D:1      | Reached XP level 3. HP: 19/19 MP: 2/6
  1222 | D:2      | Found a glowing silver altar of Zin.
  1362 | D:2      | Reached XP level 4. HP: 24/24 MP: 1/9
  1715 | D:3      | Noticed heinrich's ghost (weakling DsNe)
  1725 | D:3      | Killed heinrich's ghost
  1725 | D:3      | Reached skill level 5 in Earth Magic
  2116 | D:3      | Reached XP level 5. HP: 24/28 MP: 1/11
  2615 | D:3      | Learned a level 3 spell: Stone Arrow
  2849 | D:3      | Noticed Natasha
  2859 | D:3      | Killed Natasha
  2859 | D:3      | Reached skill level 1 in Fighting
  2859 | D:3      | Reached XP level 6. HP: 11/34 MP: 7/13
  3096 | D:3      | Noticed Natasha
  3143 | D:3      | Killed Natasha
  3353 | D:4      | Reached skill level 1 in Maces & Flails
  3413 | D:4      | Found a sand-covered staircase.
  3547 | Ossuary  | Entered an ossuary
  3588 | Ossuary  | Learned a level 2 spell: Stoneskin
  3920 | Ossuary  | Reached skill level 6 in Earth Magic
  3920 | Ossuary  | Reached XP level 7. HP: 28/40 MP: 17/17
  4310 | D:4      | Found an iron altar of Okawaru.
  4637 | D:4      | Reached skill level 1 in Conjurations
  4842 | D:4      | Noticed Eustachio
  4849 | D:4      | Killed Eustachio
  4849 | D:4      | Reached skill level 5 in Spellcasting
  4849 | D:4      | Reached skill level 7 in Earth Magic
  4985 | D:4      | Reached XP level 8. HP: 41/44 MP: 12/20
  5016 | D:4      | Found a bloodstained altar of Trog.
  5020 | D:4      | Found a snail-covered altar of Cheibriados.
  5020 | D:4      | Found a deep blue altar of Sif Muna.
  5029 | D:4      | Found a radiant altar of Vehumet.
  5038 | D:4      | Became a worshipper of Vehumet
  5047 | D:4      | Found a sacrificial altar of Ru.
  5190 | D:5      | Entered Level 5 of the Dungeon
  5392 | D:5      | Found Ekloipn's Assorted Antiques.
  5401 | D:5      | Bought a scorched chain mail for 237 gold pieces
  5401 | D:5      | Identified the cursed -5 chain mail "Muarph" {+Inv rF+ rC+ Str-5 Slay+2} (You bought it in a shop on level 5 of the Dungeon)
  5554 | D:5      | Reached skill level 1 in Evocations
  5668 | D:5      | Reached skill level 1 in Staves
  5701 | D:5      | Found a sparkling altar of Nemelex Xobeh.
  6282 | D:6      | Found Strefei's General Store.
  6288 | D:6      | Bought a potion of heal wounds for 70 gold pieces
  6342 | D:6      | Acquired Vehumet's first power
  6342 | D:6      | Offered knowledge of Flame Tongue by Vehumet.
  6616 | D:6      | Reached XP level 9. HP: 50/52 MP: 19/22
  6801 | D:6      | Reached skill level 8 in Earth Magic
  7016 | D:7      | Found a staircase to the Ecumenical Temple.
  7134 | D:7      | Reached skill level 5 in Fighting
  7324 | D:7      | Offered knowledge of Magic Dart by Vehumet.
  7347 | D:7      | Noticed Joseph
  7381 | D:7      | Killed Joseph
  8132 | D:7      | Found Boamm's Food Shop.
  8160 | D:7      | Noticed Ijyb
  8171 | D:7      | Killed Ijyb
  8191 | D:7      | Learned a level 5 spell: Lee's Rapid Deconstruction
  8224 | D:7      | Reached skill level 9 in Earth Magic
  8249 | D:7      | Gained mutation: You occasionally shout uncontrollably at your foes. [mutagenic meat]
  8531 | D:7      | Reached XP level 10. HP: 60/60 MP: 19/24
  9083 | D:8      | Offered knowledge of Throw Frost by Vehumet.
  9374 | D:8      | Acquired Vehumet's second power
  9375 | D:8      | Reached skill level 5 in Staves
  9392 | D:8      | Found a burning altar of Makhleb.
  9692 | D:9      | Noticed Dowan
  9788 | D:9      | Noticed Duvessa
  9791 | D:9      | Killed Duvessa
  9791 | D:9      | Reached skill level 5 in Evocations
  9794 | D:9      | Killed Dowan
 10212 | D:9      | Offered knowledge of Dazzling Spray by Vehumet.
 10792 | D:9      | Found an opulent altar of Gozag.
 10968 | D:10     | Entered Level 10 of the Dungeon
 10968 | D:10     | Noticed Maurice
 10979 | D:9      | Killed Maurice
 10979 | D:9      | Reached skill level 10 in Earth Magic
 11293 | D:10     | Reached XP level 11. HP: 43/67 MP: 2/27
 11536 | D:10     | Acquired Vehumet's third power
 11909 | D:10     | Found a staircase to the Lair.
 12241 | D:10     | Noticed an orc knight
 12261 | D:10     | Killed an orc knight
 12401 | D:10     | Found a staircase to the Orcish Mines.
 12689 | D:10     | Offered knowledge of Fireball by Vehumet.
 13352 | Orc:1    | Entered Level 1 of the Orcish Mines
 13418 | Orc:1    | Found a burning altar of Makhleb.
 13778 | Orc:1    | Found Cliuwopt's Antique Weapon Shoppe.
 13998 | D:5      | Bought a runed quarterstaff for 100 gold pieces
 13998 | D:5      | Bought a scroll of identify for 50 gold pieces
 13998 | D:5      | Bought an oblong metal-bound book for 375 gold pieces
 13998 | D:5      | Bought a pair of glowing boots for 112 gold pieces
 13998 | D:5      | Bought a scroll of identify for 50 gold pieces
 14025 | D:5      | Learned a level 9 spell: Shatter
 14391 | Orc:2    | Noticed Fannar
 14540 | Orc:1    | Offered knowledge of Olgreb's Toxic Radiance by Vehumet.
 14778 | Orc:1    | Killed Fannar
 15073 | Orc:2    | Reached skill level 11 in Earth Magic
 15891 | Orc:3    | Noticed Psyche
 15892 | Orc:3    | Killed Psyche
 16228 | Orc:3    | Found a bloodstained altar of Trog.
 16322 | Orc:3    | Offered knowledge of Poison Arrow by Vehumet.
 16465 | Orc:4    | Entered Level 4 of the Orcish Mines
 16465 | Orc:4    | Found a staircase to the Elven Halls.
 16777 | Orc:4    | Reached XP level 12. HP: 74/76 MP: 17/29
 17402 | Orc:4    | Found a roughly hewn altar of Beogh.
 17443 | Orc:4    | Found Ughy's Armour Shop.
 17443 | Orc:4    | Found Simam's Antique Weapon Shoppe.
 17716 | Orc:4    | Found a roughly hewn altar of Beogh.
 17801 | Orc:4    | Found Popao's Food Shop.
 17801 | Orc:4    | Found Bytaochiu's General Store.
 18225 | Lair:1   | Entered Level 1 of the Lair of Beasts
 18233 | Lair:1   | Offered knowledge of Iskenderun's Battlesphere by Vehumet.
 18369 | Lair:1   | Noticed a five-headed hydra
 18386 | Lair:1   | Killed a five-headed hydra
 18392 | Lair:1   | Reached skill level 12 in Earth Magic
 18394 | Lair:1   | Noticed a six-headed hydra
 18410 | Lair:1   | HP: 2/77 [six-headed hydra (8)]
 18418 | Lair:1   | HP: 3/77 [six-headed hydra (1)]
 18418 | Lair:1   | Slain by a six-headed hydra

Action                   |  1- 3 |  4- 6 |  7- 9 | 10-12 || total
-------------------------+-------+-------+-------+-------++-------
Melee: Unarmed           |    28 |       |       |       ||    28
       Flail             |       |    14 |       |       ||    14
       Whip              |       |    49 |       |       ||    49
       Short sword       |       |    74 |    53 |       ||   127
       Quarterstaff      |       |       |   139 |    49 ||   188
       Staff             |       |       |    51 |   492 ||   543
       Dagger            |       |       |       |    30 ||    30
Throw: Stone             |     6 |       |       |       ||     6
 Cast: Sandblast         |    59 |    81 |   154 |    42 ||   336
       Stoneskin         |       |     1 |     7 |    36 ||    44
       Stone Arrow       |       |       |    51 |   267 ||   318
       Lee's Rapid Decon |       |       |     1 |    70 ||    71
 Abil: Evoke Berserk Rag |       |       |     1 |     2 ||     3
Evoke: Deck              |       |       |     1 |       ||     1
  Use: Scroll            |       |     1 |    15 |     8 ||    24
       Potion            |       |       |     1 |     3 ||     4
 Stab: Sleeping          |       |     2 |     4 |     1 ||     7
  Eat: Chunk             |     2 |     7 |    16 |    38 ||    63
       Bread ration      |       |     2 |     1 |     1 ||     4
       Fruit             |       |       |     1 |       ||     1
       Meat ration       |       |       |       |     1 ||     1
       Beef jerky        |       |       |       |     1 ||     1
